 Dungeon Crawl Stone Soup version 0.22.1-1-ga44c0e5 (webtiles) character file.

6840 Lavandula the Cleaver (level 10, 0/124 HPs)
             Began as a Centaur Berserker on Oct 14, 2018.
             Was an Elder of Trog.
             Killed from afar by an orc wizard (2 damage)
             ... with a puff of flame
             ... on level 11 of the Dungeon on Oct 16, 2018.
             The game lasted 00:20:53 (4835 turns).

Lavandula the Cleaver (Centaur Berserker)           Turns: 4835, Time: 00:20:54

Health: 0/124      AC:  9    Str: 29      XL:     10   Next: 77%
Magic:  12/12      EV:  6    Int:  6      God:    Trog [****..]
Gold:   397        SH:  0    Dex:  5 (8)  Spells: 9/9 levels left

rFire    . . .     SeeInvis +   D - +0 war axe
rCold    + + .     Gourm    .   (no shield)
rNeg     . . .     Faith    .   q - +1 chain mail {rC+}
rPois    .         Spirit   .   i - +0 helmet
rElec    .         Reflect  .   (no cloak)
rCorr    .         Harm     .   (no gloves)
MR       ++...                  (no barding)
Stlth    ..........             L - amulet of magic regeneration
HPRegen  1.30/turn              A - ring of see invisible
MPRegen  0.38/turn              F - ring of protection from cold

@: berserking, regenerating, very quick
A: large, hooves 3, deformed body, speed 2, tough skin 3
a: Berserk, Trog's Hand, Brothers in Arms, Renounce Religion


You were on level 11 of the Dungeon.
You worshipped Trog.
Trog was greatly pleased with you.
You were very hungry.

You visited 1 branch of the dungeon, and saw 11 of its levels.
You also visited: Sewer.

You collected 397 gold pieces.

Inventory:

Hand Weapons
 a - a +0 hand axe
 g - a +0 blowgun
 j - a +0 hunting sling
 y - a +0 trident
 D - a +0 war axe (weapon)
Missiles
 k - 23 sling bullets
 r - 22 poisoned needles
 J - 2 tomahawks of returning (quivered)
Armour
 b - a +0 animal skin
 i - a +0 helmet (worn)
 q - a +1 chain mail of cold resistance (worn)
Magical Staves
 v - an uncursed staff of fire
 H - an uncursed staff of wizardry
Jewellery
 u - an uncursed ring of flight
 A - a ring of see invisible (left hand)
 F - a ring of protection from cold (right hand)
 I - an uncursed ring of ice
 L - an amulet of magic regeneration (around neck)
Wands
 C - a wand of flame (60)
 E - a wand of acid (8)
 G - a wand of polymorph (9)
 K - a wand of paralysis (14)
Scrolls
 d - 2 scrolls of fog
 e - 6 scrolls of remove curse
 n - 2 scrolls of magic mapping {unknown}
 s - a scroll of fear {unknown}
 t - 3 scrolls of amnesia
 w - a scroll of enchant armour
 x - 2 scrolls of enchant weapon {unknown}
Potions
 h - 4 potions of curing
 l - 3 potions of haste
 m - a potion of magic {unknown}
 o - 4 potions of flight
 p - 3 potions of lignification
 z - 2 potions of heal wounds
 M - a potion of resistance {unknown}
 N - a potion of mutation {unknown}
 O - a potion of agility
Comestibles
 c - 12 rations
 f - a chunk of flesh


   Skills:
 - Level 6.0 Fighting
 + Level 13.2 Axes
 - Level 3.2 Throwing
 - Level 1.4 Armour
 - Level 1.6 Dodging
 - Level 3.8 Evocations


You had 9 spell levels left.
You didn't know any spells.
Your spell library contained the following spells:

 Spells                   Type           Power        Failure   Level  Hunger
 Confusing Touch          Hex            #.....       96%         1    ##.....
 Confuse                  Hex            #.......     100%        3    ####...
 Gell's Gravitas          Tloc           #.........   100%        3    ####...
 Petrify                  Tmut/Erth      #.......     100%        4    #####..
 Metabolic Englaciation   Hex/Ice        #.........   100%        5    ######.
 Yara's Violent Unravell  Hex/Tmut       #.........   100%        5    ######.


Dungeon Overview and Level Annotations

Branches:
Dungeon (11/15)            Temple (0/1) D:5            Lair (0/6) D:10
    Orc: D:9-12

Altars:
Cheibriados
Dithmenos
Elyvilon
Qazlal
Xom
The Shining One

Annotations:
D:9 Erolcha, Harold, Prince Ribbit
D:11 Urug


Innate Abilities, Weirdness & Mutations

You have hooves in place of feet.
Armour fits poorly on your strangely shaped body.
You cover ground very quickly.
You have extremely tough skin. (AC +3)


Message History

Unknown command.
You barely miss Urug.
Urug is heavily wounded.
Urug barely misses you.
Unknown command.
You completely miss Urug. Your kick misses Urug.
Urug is heavily wounded.
Unknown command.
You closely miss Urug.
Urug is heavily wounded.
Urug hits you with a battleaxe!
* * * LOW HITPOINT WARNING * * *
Unknown command.
You hit Urug. Your kick misses Urug.
Urug is severely wounded.
You barely miss the unseen horror.
The unseen horror hits you but does no damage.
The orc wizard casts a spell at you. The puff of flame hits you!
You die...

. . ..
.........#....
.. #.
.........#...
.#.........%##
.......#%....#
.....o.#oP..##
.......%...#
#xo#....#
#$.@(.[.+
#.......+
######....(..##
#.............#
#..........P.##
#.....).......#
#....).......##
#.(...)......#
#.......!...####


You could see Urug, an unseen horror (invisible), an orc wizard and an orc.

Vanquished Creatures
  Pikel (D:8)
  A centaur skeleton (D:11)
  A hornet (D:8)
  2 hippogriffs
  Sigmund (D:6)
  Eustachio (D:4)
  A wyvern (D:8)
  6 yaks (D:8)
  3 wargs (D:10)
  Duvessa (D:7)
  2 orc warriors
  5 ice beasts
  3 slaves (D:8)
  A phantom (D:10)
  4 ogres
  A centaur (D:8)
  Blork the orc (D:6)
  2 big kobolds
  9 bullfrogs
  Dowan (D:7)
  4 killer bees (D:9)
  6 wights
  3 crimson imps
  A quasit (D:10)
  A bullfrog zombie (D:8)
  2 hounds
  3 jellies
  5 orc priests
  4 iguanas
  15 orc wizards
  3 worker ants
  A killer bee zombie (D:8)
  2 hound zombies
  A hound skeleton (D:8)
  11 adders
  2 howler monkey skeletons
  A river rat (D:3)
  3 shadow imps
  An ooze (D:2)
  4 leopard geckos
  22 orcs
  4 bats
  6 giant cockroaches
  7 goblins
  7 hobgoblins
  7 jackals
  11 kobolds
  3 quokkas
  3 ball pythons
  3 frilled lizards
  2 leopard gecko skeletons
  10 rats
205 creatures vanquished.

Vanquished Creatures (others)
  An orc wizard (D:8)
1 creature vanquished.

Grand Total: 206 creatures vanquished

Notes
Turn   | Place    | Note
-------+----------+-------------------------------------------
     0 | D:1      | Lavandula the Centaur Berserker began the quest for the
                  | Orb.
     0 | D:1      | Reached XP level 1. HP: 19/19 MP: 1/1
    56 | D:1      | Reached XP level 2. HP: 14/26 MP: 2/2
    92 | D:2      | Reached skill level 3 in Axes
   230 | D:2      | Found a shadowy altar of Dithmenos.
   349 | D:2      | Found a snail-covered altar of Cheibriados.
   354 | D:2      | Reached XP level 3. HP: 27/31 MP: 3/3
   414 | D:2      | Reached ** piety under Trog
   566 | D:3      | Reached skill level 4 in Axes
   566 | D:3      | Reached XP level 4. HP: 38/38 MP: 4/4
   619 | D:3      | Found a glowing drain.
   636 | Sewer    | Entered a sewer
   688 | Sewer    | Noticed a big kobold
   708 | Sewer    | Killed a big kobold
   708 | Sewer    | Reached skill level 5 in Axes
   708 | Sewer    | Reached XP level 5. HP: 22/45 MP: 5/5
   731 | Sewer    | Found a glowing silver altar of Zin.
  1037 | D:3      | Reached XP level 6. HP: 10/51 MP: 6/6
  1195 | D:4      | Noticed Eustachio
  1216 | D:4      | Killed Eustachio
  1216 | D:4      | Reached skill level 6 in Axes
  1241 | D:5      | Entered Level 5 of the Dungeon
  1511 | D:5      | Found a white marble altar of Elyvilon.
  1640 | D:5      | Reached skill level 7 in Axes
  1666 | D:5      | Reached XP level 7. HP: 34/57 MP: 7/7
  1830 | D:5      | Found a glowing golden altar of the Shining One.
  1921 | D:5      | Found a staircase to the Ecumenical Temple.
  1970 | D:6      | Reached *** piety under Trog
  2098 | D:6      | Reached skill level 8 in Axes
  2274 | D:6      | Found a stormy altar of Qazlal.
  2355 | D:6      | Noticed Blork the orc
  2365 | D:6      | Killed Blork the orc
  2671 | D:6      | Noticed Sigmund
  2691 | D:6      | Killed Sigmund
  2691 | D:6      | Reached skill level 9 in Axes
  2691 | D:6      | Reached XP level 8. HP: 63/63 MP: 8/8
  2735 | D:7      | Noticed a hippogriff
  2739 | D:7      | Killed a hippogriff
  2822 | D:7      | Noticed Dowan
  2823 | D:7      | Noticed Duvessa
  2834 | D:7      | Killed Duvessa
  2843 | D:7      | Killed Dowan
  2843 | D:7      | Reached skill level 10 in Axes
  3182 | D:7      | Reached XP level 9. HP: 65/70 MP: 9/9
  3183 | D:7      | Reached skill level 11 in Axes
  3271 | D:8      | Reached **** piety under Trog
  3371 | D:8      | Reached skill level 1 in Throwing
  3463 | D:8      | Noticed a two-headed ogre
  3654 | D:8      | Reached skill level 12 in Axes
  3696 | D:9      | Found a shimmering altar of Xom.
  3714 | D:8      | Reached XP level 10. HP: 62/77 MP: 10/10
  3837 | D:8      | Reached skill level 13 in Axes
  3880 | D:8      | Noticed Pikel
  3893 | D:8      | Paralysed by Pikel for 3 turns
  3897 | D:8      | Killed Pikel
  4012 | D:9      | Noticed Harold
  4021 | D:9      | Noticed Erolcha
  4021 | D:9      | Noticed a two-headed ogre
  4027 | D:9      | Noticed Prince Ribbit
  4044 | D:10     | Entered Level 10 of the Dungeon
  4236 | D:10     | Found a staircase to the Lair.
  4490 | D:10     | Reached skill level 5 in Fighting
  4818 | D:11     | Noticed Urug
  4826 | D:11     | Noticed an unseen horror
  4829 | D:11     | HP: 6/124 [Urug/battleaxe (9)]
  4834 | D:11     | HP: 1/124 [Urug/battleaxe (8)]
  4835 | D:11     | Killed from afar by an orc wizard

Skill      XL: |  1  2  3  4  5  6  7  8  9 10 |
---------------+-------------------------------+-----
Axes           | 3 4 5 7 9 10 12 13 | 13.2
Throwing       | 3 |  3.2
Evocations     | 3 |  3.8
Fighting       | 6 |  6.0
Armour         | |  1.4
Dodging        | |  1.6

Action                   |  1- 3 |  4- 6 |  7- 9 | 10-12 || total
-------------------------+-------+-------+-------+-------++-------
Melee: Hand axe          |    74 |   159 |   180 |       ||   413
       Kick              |    18 |    34 |    65 |    37 ||   154
       War axe           |       |       |    79 |   156 ||   235
 Fire: Hunting sling     |       |       |    38 |    19 ||    57
Invok: Berserk           |     3 |     3 |    10 |     7 ||    23
       Trog's Hand       |       |     2 |     5 |     5 ||    12
Evoke: Wand              |       |       |     2 |       ||     2
  Use: Scroll            |     1 |     3 |     3 |     8 ||    15
       Potion            |       |       |     1 |     3 ||     4
  Eat: Chunk             |       |     7 |    14 |    11 ||    32
       Ration            |       |       |     1 |       ||     1
Armor: Animal skin       |    27 |    24 |       |       ||    51
       Chain mail        |       |    58 |   125 |   126 ||   309
Dodge: Dodged            |    37 |    55 |    70 |    68 ||   230
